 Dungeon Crawl Stone Soup version 0.19-a0-892-g8a19e52 (webtiles) character file.

266 Moloch the Chopper (level 6, -4/47 HPs)
             Began as a Demonspawn Fighter on July 4, 2016.
             Slain by an ogre
             ... wielding a +0 giant club
              (15 damage)
             ... on level 4 of the Dungeon.
             The game lasted 00:03:24 (2504 turns).

Moloch the Chopper (Demonspawn Fighter)             Turns: 2504, Time: 00:03:24

Health: -4/47      AC: 12    Str: 19    XL:     6   Next: 0%
Magic:  0/6        EV:  4    Int:  9    God:
Gold:   211        SH:  9    Dex: 12    Spells: 0 memorised, 5 levels left

rFire  . . .     SeeInvis .     a - +0 war axe
rCold  . . .     Gourm    .     m - +0 chain mail
rNeg   . . .     Faith    .     c - +0 shield
rPois  .         Spirit   +     q - +2 helmet
rElec  .         Dismiss  .     (no cloak)
rCorr  .         Reflect  .     (no gloves)
SustAt .         Harm     .     (boots unavailable)
MR     .....                    (no amulet)
Stlth  ..........               (no ring)
                                (no ring)

@: not resistant to hostile enchantments, extremely unstealthy
A: talons 3, magic shield
a: no special abilities


You were on level 4 of the Dungeon.
You were hungry.

You visited 1 branch of the dungeon, and saw 4 of its levels.

You collected 211 gold pieces.

Inventory:

Hand Weapons
 a - a +0 war axe (weapon)
Armour
 c - a +0 shield (worn)
 m - a +0 chain mail (worn)
 q - a +2 helmet (worn)
Scrolls
 h - a scroll of amnesia {unknown}
 k - 5 scrolls of identify {unknown}
 l - a scroll of recharging {unknown}
 r - 2 scrolls of immolation {unknown}
 s - a scroll of noise {unknown}
 t - a scroll of random uselessness {unknown}
Potions
 d - a potion of might
 e - a potion of mutation {unknown}
 i - 2 potions of curing
 j - a potion of cure mutation {unknown}
 o - a potion of haste {unknown}
 p - 2 potions of degeneration {unknown}
Comestibles
 f - 3 bread rations
 g - 3 fruits
 n - a meat ration


   Skills:
 - Level 3.0 Fighting
 + Level 5.7 Axes
 - Level 2.6 Armour
 - Level 2.6 Shields


You had 5 spell levels left.
You didn't know any spells.

Dungeon Overview and Level Annotations

Branches:
Dungeon (4/15)
 Temple: D:4-7

Altars:


Innate Abilities, Weirdness & Mutations

You have claws for feet.
When hurt, damage is shared between your health and your magic reserves.


Message History

You claw the ogre.
The ogre is lightly wounded.
You block the ogre's attack.
Your shield and chain mail prevent you from hitting the ogre.
The ogre is lightly wounded.
You block the ogre's attack.
You hit the ogre. You claw the ogre.
The ogre is moderately wounded.
The ogre hits you with a giant club!
You slash the ogre! You claw the ogre.
The ogre is heavily wounded.
The ogre hits you with a giant club.
* * * LOW HITPOINT WARNING * * *
You are too injured to fight recklessly!
You are too injured to fight recklessly!
You are too injured to fight recklessly!
You slash the ogre! Your kick misses the ogre.
The ogre is almost dead.
The ogre hits you with a giant club!
You die...

.. ##...## ..# #....####
...####.......#########
.....#................##
#....................(.#
#................####..
#................## ##.
#................## ##
#...O@.###........##
#....### #....##...#
#...# #...####..# #...#
#..## ##.## #... #..#
#..## #.. #..# ##.#. #..
#..# #... ... #..# #...
#..# #...


You could see an ogre.

Vanquished Creatures
  A giant frog skeleton (D:4)
  Natasha (thrice) (D:2)
  A worker ant (D:4)
  5 adders
  An ooze (D:2)
  3 worms
  A dart slug (D:3)
  3 giant geckos
  5 orcs (D:3)
  A ball python (D:3)
  12 goblins
  10 hobgoblins
  2 jackals (D:1)
  7 kobolds
  8 bats
  5 giant newts
  9 rats
77 creatures vanquished.

Notes
Turn   | Place    | Note
-------+----------+-------------------------------------------
     0 | D:1      | Moloch the Demonspawn Fighter began the quest for the Orb.
     0 | D:1      | Reached XP level 1. HP: 18/18 MP: 1/1
    47 | D:1      | Reached skill level 2 in Axes
    90 | D:1      | Gained mutation: You have sharp toenails. [demonic ancestry]
    90 | D:1      | Reached XP level 2. HP: 17/24 MP: 2/2
   429 | D:1      | Reached skill level 3 in Axes
   607 | D:1      | Gained mutation: You have razor-sharp toenails. [demonic ancestry]
   607 | D:1      | Reached XP level 3. HP: 26/29 MP: 3/3
   995 | D:2      | Noticed Natasha
   999 | D:2      | Killed Natasha
   999 | D:2      | Reached skill level 4 in Axes
   999 | D:2      | Reached XP level 4. HP: 16/35 MP: 4/4
  1189 | D:2      | Noticed Natasha
  1201 | D:2      | Killed Natasha
  1412 | D:2      | Noticed Natasha
  1418 | D:2      | Killed Natasha
  1541 | D:2      | Gained mutation: You have claws for feet. [demonic ancestry]
  1541 | D:2      | Reached XP level 5. HP: 41/41 MP: 5/5
  1657 | D:3      | Reached skill level 5 in Axes
  2281 | D:4      | Gained mutation: When hurt, damage is shared between your health and your magic reserves. [demonic ancestry]
  2281 | D:4      | Reached XP level 6. HP: 23/47 MP: 6/6
  2504 | D:4      | Slain by an ogre

Vault maps used:
D:1:      lemuel_arrival_tunnels, st_stairs_6
D:2:      first_bread, uniq_natasha
D:4:      uniq_eustachio

Skill      XL: |  1  2  3  4  5 |
---------------+----------------+-----
Axes           | 2 3 4 5 |  5.7
Fighting       | |  3.0
Armour         | |  2.6
Shields        | |  2.6

Action                   |  1- 3 |  4- 6 || total
-------------------------+-------+-------++-------
Melee: War axe           |   134 |   116 ||   250
       Kick              |    19 |    35 ||    54
  Eat: Chunk             |     1 |     4 ||     5
Armor: Scale mail        |    42 |       ||    42
       Chain mail        |    13 |    61 ||    74
Dodge: Dodged            |    34 |    22 ||    56
Block: Shield            |    72 |    57 ||   129
